Map: 이터널 엠파이어 - 래더

Players

Patience - Winner!

  • Race: Protoss Protoss
  • Spawn Location: 1:00

Astrea

  • Race: Protoss Protoss
  • Spawn Location: 7:00

Event: IEM Katowice 2020

VOD

Have the link to the VOD?

Description

Time

  • Played on: Feb. 24, 2020, 5:10 a.m.
  • Length: 16:44

All games in this series

Show
View Real Time Build Order
Export as new Build Order

Patience Protoss - Winner!

Build Orders: Oracle Opening 

Get SALT Encoding   

  12  0:00  Probe  
  13  0:13  Probe  
  14  0:17  Pylon  
  14  0:25  Probe (Chrono Boost)  
  15  0:37  Probe (Chrono Boost), Gateway  
  16  0:44  Probe (Chrono Boost)  
  16  0:46  Assimilator  
  17  0:51  Probe  
  17  0:55  Assimilator  
  18  1:03  Probe (Chrono Boost)  
  19  1:08  Gateway  
  19  1:12  Probe (Chrono Boost)  
  19  1:17  Probe (Chrono Boost)  
  20  1:25  Cybernetics Core  
  21  1:30  Probe  
  22  1:36  Pylon  
  22  1:42  Probe  
  24  1:54  Probe  
  24  2:02  Adept  
  24  2:03  Warp Gate, Adept  
  28  2:10  Pylon  
  28  2:12  Probe  
  29  2:17  Pylon  
  29  2:28  Probe  
  30  2:30  Stargate  
  30  2:54  Nexus  
  30  2:58  Probe  
  31  3:10  Oracle (Chrono Boost)  
  31  3:14  Shield Battery  
  31  3:17  Probe  
  35  3:25  Robotics Facility  
  35  3:29  Probe  
  36  3:35  Pylon  
  36  3:41  Probe  
  37  3:53  Probe  
  37  3:55  Adept x2  
  40  4:05  Probe  
  39  4:10  Probe  
  39  4:11  Immortal (Chrono Boost)  
  44  4:18  Gateway  
  44  4:26  Adept  
  44  4:30  Adept  
  45  4:35  Probe  
  44  4:52  Immortal (Chrono Boost)  
  45  4:56  Probe  
  45  4:58  Probe  
  46  5:03  Sentry  
  46  5:04  Sentry  
  50  5:08  Probe  
  50  5:10  Probe  
  52  5:19  Pylon  
  52  5:20  Probe  
  53  5:24  Warp Prism (Chrono Boost)  
  53  5:27  Probe  
  56  5:32  Probe  
  56  5:34  Sentry x2  
  61  5:38  Sentry  
  61  5:39  Probe  
  64  5:44  Probe  
  64  5:46  Pylon  
  64  5:48  Pylon  
  64  5:49  Observer (Chrono Boost)  
  66  5:51  Probe  
  67  6:02  Assimilator  
  67  6:05  Adept x3  
  67  6:06  Assimilator  
  73  6:11  Probe x2  
  73  6:15  Forge  
  75  6:22  Twilight Council  
  75  6:30  Pylon  
  75  6:32  Pylon  
  71  6:48  Adept x3  
  71  6:49  Probe x2  
  75  6:57  Blink  
  75  7:01  Probe  
  71  7:04  Immortal (Chrono Boost)  
  71  7:06  Protoss Ground Weapons Level 1  
  75  7:16  Gateway  
  75  7:17  Gateway  
  75  7:19  Gateway  
  75  7:35  Immortal (Chrono Boost)  
  75  7:37  Robotics Bay  
  79  7:50  Stalker x3  
  82  8:09  Observer (Chrono Boost)  
  83  8:16  Pylon  
  83  8:22  Shield Battery  
  83  8:25  Disruptor (Chrono Boost)  
  83  8:28  Nexus  
  86  8:35  Shield Battery  
  86  8:38  Photon Cannon  
  86  8:46  Probe x2  
  88  8:55  Charge (Chrono Boost)  
  86  8:57  Stalker x3  
  86  8:58  Disruptor (Chrono Boost)  
  95  9:04  Probe  
  95  9:09  Probe  
  97  9:13  Robotics Facility  
  97  9:16  Probe, Photon Cannon  
  98  9:34  Probe x2, Phoenix  
  98  9:45  Protoss Ground Weapons Level 2 (Chrono Boost)  
  98  9:46  Probe, Disruptor (Chrono Boost)  
  98  9:50  Probe  
  98  9:51  Probe  
  104  9:55  Assimilator  
  104  9:56  Stalker x5  
  104  9:58  Assimilator, Stalker  
  116  10:02  Probe x2, Pylon  
  116  10:03  Probe  
  116  10:06  Observer  
  120  10:22  Extended Thermal Lance  
  120  10:24  Probe x3  
  123  10:32  Colossus (Chrono Boost)  
  123  10:33  Shield Battery  
  123  10:34  Shield Battery  
  129  10:40  Pylon  
  129  10:41  Pylon  
  127  10:43  Pylon, Colossus (Chrono Boost)  
  133  10:54  Gateway  
  133  10:56  Gateway  
  133  10:59  Pylon  
  133  11:07  Dark Shrine  
  133  11:23  Stalker x3  
  145  11:26  Colossus (Chrono Boost)  
  145  11:28  Colossus (Chrono Boost)  
  151  11:32  Zealot  
  153  11:45  Stalker x2  
  153  11:46  Stalker  
  153  11:56  Zealot x2  
  153  11:57  Zealot x2  
  155  12:10  Nexus  
  155  12:12  Photon Cannon  
  155  12:15  Photon Cannon  
  155  12:32  Dark Templar x4  
  155  12:33  Dark Templar  
  155  12:36  Observer  
  165  12:38  Pylon  
  165  12:41  Archon x2  
  165  12:48  Pylon  
  165  12:49  Pylon  
  165  12:57  Disruptor (Chrono Boost)  
  165  13:04  Probe x3  
  171  13:06  Warp Prism (Chrono Boost)  
  171  13:18  Dark Templar x2  
  171  13:19  Dark Templar x2  
  179  13:20  Dark Templar  
  179  13:21  Zealot  
  179  13:24  Dark Templar  
  172  13:40  Probe  
  163  13:43  Dark Templar  
  163  13:44  Dark Templar  
  157  13:53  Probe x3  
  160  14:00  Nexus  
  152  14:11  Stalker x3  
  138  14:43  Dark Templar  
  138  14:44  Dark Templar x3  
  138  14:45  Zealot  
  96  14:55  Probe  
  96  14:56  Probe x2  
  92  15:03  Archon x2  
  86  15:11  Probe x3 (Chrono Boost)  
  79  15:15  Stalker  
  79  15:16  Photon Cannon  
  79  15:18  Stalker x4  
  89  15:23  Probe x2 (Chrono Boost)  
  89  15:25  Probe (Chrono Boost)  
  90  15:29  Pylon  
  90  15:32  Probe (Chrono Boost)  
  90  15:33  Probe x2 (Chrono Boost)  
  91  15:37  Probe  
  91  15:39  Disruptor (Chrono Boost)  
  91  15:40  Probe x2  
  91  15:41  Observer (Chrono Boost)  
  96  15:48  Probe  
  96  15:49  Probe  
  98  15:52  Probe x2  
  98  16:01  Probe  
  98  16:09  Stalker  
  98  16:10  Stalker x4  
  98  16:11  Stalker x2  
  112  16:13  Assimilator  
  112  16:17  Assimilator x2  
  112  16:18  Photon Cannon  
  112  16:21  Pylon  
  115  16:29  Probe x3  
  115  16:31  Probe  
Show
View Real Time Build Order
Export as new Build Order

Astrea Protoss 

Build Orders: Zealot Archon 

Get SALT Encoding   

  12  0:00  Probe  
  13  0:12  Probe  
  14  0:17  Pylon  
  14  0:25  Probe (Chrono Boost)  
  15  0:37  Probe (Chrono Boost), Gateway  
  16  0:43  Probe (Chrono Boost)  
  16  0:46  Assimilator  
  17  0:51  Probe  
  17  0:54  Assimilator  
  18  1:03  Probe (Chrono Boost)  
  19  1:08  Gateway  
  19  1:12  Probe (Chrono Boost)  
  19  1:17  Probe (Chrono Boost)  
  20  1:25  Cybernetics Core  
  21  1:29  Probe  
  22  1:36  Pylon  
  22  1:41  Probe  
  23  1:54  Probe  
  23  1:59  Warp Gate (Chrono Boost)  
  24  2:01  Stalker  
  24  2:02  Sentry  
  24  2:06  Probe  
  29  2:12  Pylon  
  29  2:18  Probe  
  30  2:25  Pylon  
  30  2:30  Stalker  
  30  2:31  Probe  
  33  2:37  Stalker  
  33  2:43  Probe  
  36  3:03  Shield Battery  
  36  3:08  Nexus  
  36  3:13  Sentry  
  36  3:15  Probe  
  36  3:19  Pylon  
  39  3:37  Probe  
  39  3:38  Shield Battery  
  37  3:49  Probe  
  36  3:56  Adept x2  
  36  4:01  Probe (Chrono Boost)  
  36  4:02  Robotics Facility  
  41  4:05  Forge  
  40  4:13  Probe (Chrono Boost)  
  40  4:16  Sentry  
  40  4:17  Sentry  
  45  4:22  Probe x2 (Chrono Boost)  
  47  4:29  Probe (Chrono Boost)  
  47  4:31  Probe (Chrono Boost)  
  49  4:34  Probe (Chrono Boost)  
  45  4:39  Probe  
  45  4:42  Stalker  
  46  4:46  Probe  
  46  4:47  Stalker  
  46  4:51  Probe  
  49  4:55  Protoss Ground Weapons Level 1 (Chrono Boost)  
  49  4:58  Probe  
  49  4:59  Observer  
  49  5:03  Probe  
  50  5:11  Probe (Chrono Boost)  
  51  5:14  Twilight Council  
  51  5:16  Assimilator  
  51  5:19  Pylon  
  51  5:20  Probe (Chrono Boost), Assimilator  
  52  5:23  Probe (Chrono Boost)  
  54  5:29  Probe (Chrono Boost)  
  54  5:30  Probe (Chrono Boost)  
  54  5:31  Pylon  
  55  5:37  Probe  
  55  5:40  Probe  
  57  5:43  Immortal (Chrono Boost), Observer  
  61  5:50  Photon Cannon, Shield Battery  
  61  5:56  Templar Archives  
  61  6:02  Pylon  
  61  6:10  Adept x2  
  65  6:16  Immortal (Chrono Boost)  
  65  6:17  Charge (Chrono Boost)  
  69  6:32  Zealot x2  
  71  6:50  Probe  
  66  6:54  Zealot x2  
  66  7:00  Observer  
  66  7:03  Probe  
  66  7:04  Probe  
  68  7:11  Gateway  
  68  7:12  Gateway  
  68  7:15  Protoss Ground Weapons Level 2 (Chrono Boost), High Templar  
  70  7:16  Probe x2, Gateway, Warp Prism  
  70  7:17  High Templar, Observer  
  70  7:21  Archon  
  76  7:24  Gateway  
  73  7:47  Probe x2  
  73  7:49  Sentry  
  77  7:52  Pylon  
  75  7:58  Nexus  
  75  8:02  Probe x2  
  76  8:06  Observer  
  76  8:08  High Templar  
  76  8:10  High Templar  
  76  8:11  Zealot x2  
  84  8:14  Archon  
  84  8:19  Pylon  
  84  8:20  High Templar  
  86  8:28  Pylon  
  86  8:37  Probe x2  
  86  8:38  High Templar, Zealot x2  
  86  8:41  Pylon  
  94  8:43  Archon  
  94  8:48  High Templar x2  
  96  8:49  Probe x2  
  96  8:53  Archon  
  98  9:01  Probe x2  
  98  9:02  Gateway  
  100  9:08  Gateway  
  100  9:10  High Templar x2  
  100  9:11  Zealot x2  
  100  9:15  Probe, Archon  
  100  9:16  Probe  
  110  9:17  Probe  
  110  9:21  Assimilator  
  111  9:24  Pylon  
  111  9:25  Assimilator  
  111  9:27  Zealot x2  
  115  9:34  Pylon  
  115  9:38  Pylon  
  115  9:40  Probe x2  
  115  9:42  Probe  
  115  9:43  High Templar x2  
  115  9:44  Zealot  
  122  9:46  Protoss Ground Weapons Level 3 (Chrono Boost)  
  122  9:49  Archon  
  122  9:53  Probe x2  
  122  9:54  Probe  
  122  9:58  Zealot  
  127  10:02  Photon Cannon  
  127  10:07  Shield Battery  
  127  10:11  Zealot x2  
  131  10:19  Probe x3  
  130  10:25  High Templar x2, Zealot x3  
  140  10:29  Archon  
  140  10:36  Pylon x2  
  140  10:41  Gateway  
  140  10:44  Gateway  
  140  10:46  Blink (Chrono Boost)  
  138  10:55  Probe x2  
  140  10:59  High Templar x4  
  140  11:00  Zealot  
  140  11:03  Archon  
  140  11:04  Archon  
  150  11:09  Photon Cannon  
  150  11:11  Pylon  
  150  11:12  Pylon  
  150  11:13  Pylon  
  150  11:25  Nexus  
  150  11:30  Pylon  
  150  11:46  Zealot x10  
  168  11:55  Observer  
  158  12:04  Robotics Bay  
  158  12:06  Robotics Facility  
  148  12:09  High Templar x4  
  148  12:10  High Templar x2  
  148  12:11  Zealot x3  
  148  12:14  Archon  
  148  12:15  Archon x2  
  166  12:18  Robotics Facility  
  166  12:23  Protoss Shields Level 1 (Chrono Boost)  
  166  12:24  Photon Cannon  
  166  12:26  Shield Battery  
  162  12:56  Disruptor (Chrono Boost)  
  168  13:07  Disruptor (Chrono Boost)  
  168  13:10  Assimilator, Disruptor (Chrono Boost)  
  167  13:14  Assimilator  
  164  13:28  Zealot x8  
  164  13:29  Disruptor  
  161  13:43  Zealot x2  
  128  13:57  Zealot x8  
  104  14:22  Zealot x10  
  78  14:43  Zealot x2, Observer (Chrono Boost)  
  78  14:44  Zealot x3  
  76  14:49  Zealot  
  62  14:57  Probe  
  51  15:05  Zealot  
  45  15:23  Zealot  
  45  15:41  High Templar x4  
  49  15:46  Archon x2  
  49  15:51  High Templar  
  49  15:52  High Templar  
  49  15:56  Archon  
  49  16:05  High Templar x3  
  49  16:06  High Templar  
  49  16:09  Archon  
  49  16:10  Archon  
  57  16:22  Probe x2 (Chrono Boost)  
  57  16:23  Probe (Chrono Boost)  
  60  16:31  Probe (Chrono Boost)  
  60  16:32  Probe x2 (Chrono Boost)  

Tags
 
Add a new tag
Caveats
  • Supply blocks, unpowered buildings, or Contaminate may cause inaccurate times.
  • Supply counts are checked every 10 seconds.